 Dungeon Crawl Stone Soup version 0.31-a0-848-gaac375c287 (webtiles) character file.

Game seed: 647805301818414001

525288 TheGamechu the Conqueror (level 25, -1/257 HPs)
             Began as a Hill Orc Fighter on May 29, 2023.
             Was the Champion of Beogh.
             Slain by an electric golem (3 damage)
             ... while petrified by an ancient lich
             ... on level 5 of the Realm of Zot on Oct 4, 2023.
             The game lasted 04:49:53 (70265 turns).

TheGamechu the Conqueror (Hill Orc Fighter)        Turns: 70265, Time: 04:49:54

Health: -1/257     AC:  0    Str: 24 (26) XL:     25   Next: 43%
Magic:  44/44      EV:  5    Int:  5 (8)  God:    Beogh [******]
Gold:   4831       SH:  0    Dex: 21 (23) Spells: 24/24 levels left

rFire   . . .        x - melded +9 broad axe (flame)
rCold   . . .        M - melded +0 kite shield of Ignis's Whim {Will+ MP+9 Stlth+}
rNeg    + + +        I - melded +16 crystal plate armour of the Summoning Gods {rPois SInv}
rPois   ∞            H - melded +1 helmet of Gimpykk {rElec rN+ Str+4 Dex-3}
rElec   .            Q - melded scarf {rC+ rF+}
rCorr   .            r - melded +3 pair of gauntlets of War {Slay+5}
SInv    .            q - melded +3 pair of seven-league boots {Rampage+∞}
Will    +....        p - amulet "Ibeod" {Reflect Rampage Int+3 SH+5}
Stlth   ++           m - melded ring "Ilieddode" {rPois rC+ Will+}
HPRegen 0.62/turn    e - melded ring of Yduat {rF+ Int+3 Dex+6}
MPRegen 0.29/turn

%: reflection, rampage
@: mighty, bat-form, petrified, flying, held, hasted, studying 3 skills,
invisible, very quick
A: fast, flying, no casting, walk on water, tiny, (hooves 1), agile 1, dopey 1,
high MP 1
}: 3/15 runes: barnacled, slimy, gossamer
a: Renounce Religion, Smiting, Recall Orcish Followers, Give Item to Named
Follower, Resurrection


You were on level 5 of the Realm of Zot.
You worshipped Beogh.
Beogh was exalted by your worship.
You were a bat.
You visited 10 branches of the dungeon, and saw 48 of its levels.
You visited the Abyss 1 time.
You also visited: Bailey, Gauntlet, Ice Cave, Wizlab and Desolation.

You collected 7551 gold pieces.
You spent 2720 gold pieces at shops.

Inventory:

Hand Weapons
 x - a +9 broad axe of flaming (melded)
Missiles
 f - 7 javelins
 k - 15 large rocks
 y - 16 silver javelins
 G - 22 boomerangs (quivered)
 K - a curare-tipped dart
 N - 5 atropa-tipped darts
 P - 4 throwing nets
Armour
 q - the +3 pair of seven-league boots (melded) {Rampage+∞}
   (You found it on level 3 of the Lair of Beasts)

   Rampage+∞: When moving toward enemies, its wearer moves as far as possible,
   alerting their target en route.
 r - the +3 pair of gauntlets of War (melded) {Slay+5}
   (You found it on level 3 of the Elven Halls)

   Slay+5:    It affects your accuracy & damage with ranged weapons and melee
   (+5).
 H - the +1 helmet of Gimpykk (melded) {rElec rN+ Str+4 Dex-3}
   (You found it on level 2 of the Shoals)

   Str+4:     It affects your strength (+4).
   Dex-3:     It affects your dexterity (-3).
   rElec:     It insulates you from electricity.
   rN+:       It protects you from negative energy.
 I - the +16 crystal plate armour of the Summoning Gods (melded) {rPois SInv}
   (You acquired it on level 3 of the Lair of Beasts)

   rPois:     It protects you from poison SInv: It lets you see invisible.
 M - the +0 kite shield of Ignis's Whim (melded) {Will+ MP+9 Stlth+}
   (You found it on level 3 of the Elven Halls)

   Will+:     It increases your willpower.
   MP+9:      It affects your magic capacity (+9).
   Stlth+:    It makes you more stealthy.
 Q - a scarf of resistance (melded)
Jewellery
 e - the ring of Yduat (melded) {rF+ Int+3 Dex+6}
   (You took it off a deep elf zephyrmancer on level 3 of the Elven Halls)

   [ring of dexterity]

   Int+3:     It affects your intelligence (+3).
   Dex+6:     It affects your dexterity (+6).
   rF+:       It protects you from fire.
 m - the ring "Ilieddode" (melded) {rPois rC+ Will+}
   (You found it on level 2 of the Dungeon)

   [ring of protection from cold]

   rC+:       It protects you from cold.
   rPois:     It protects you from poison Will+: It increases your willpower.
 p - the amulet "Ibeod" (around neck) {Reflect Rampage Int+3 SH+5}
   (You found it in a Gauntlet)

   [amulet of reflection]

   Reflect:   It reflects blocked missile attacks.
   Int+3:     It affects your intelligence (+3).
   SH+5:      It affects your SH (+5).
   Rampage:   It bestows one free step when moving towards enemies.
 s - an amulet of the acrobat
 t - a ring of positive energy
 z - a ring of resist corrosion
 L - a ring of flight
Wands
 c - a wand of quicksilver (38)
 A - a wand of mindburst (33)
 C - a wand of charming (45)
 J - a wand of polymorph (48)
 R - a wand of iceblast (73)
 V - a wand of digging (32)
Scrolls
 g - a scroll of vulnerability
 j - 9 scrolls of enchant armour
 o - 4 scrolls of teleportation
 u - 7 scrolls of silence
 v - 2 scrolls of fog
 D - 3 scrolls of enchant weapon
 E - 24 scrolls of identify
 T - 4 scrolls of fear
 Y - 4 scrolls of blinking
Potions
 a - 3 potions of cancellation
 b - 5 potions of mutation
 d - 7 potions of might
 h - 5 potions of haste
 n - 9 potions of curing
 w - 4 potions of invisibility
 B - 7 potions of lignification
 S - 4 potions of resistance
 X - 3 potions of berserk rage
 Z - 6 potions of ambrosia
Miscellaneous
 i - a phial of floods
 l - a lightning rod (4/4)
 F - a tin of tremorstones (1/2)
 O - a phantom mirror
 U - a box of beasts


   Skills:
 O Level 27 Fighting
 - Level 17.4(18.0) Axes
 - Level 6.1(11.4) Maces & Flails
 + Level 19.2 Throwing
 + Level 22.5 Armour
 - Level 8.0 Dodging
 - Level 12.0 Shields
 O Level 27 Invocations
 - Level 13.3 Evocations


You had 24 spell levels left.
You didn't know any spells.
Your spell library contained the following spells:

 Spells                   Type           Power      Damage    Failure   Level
 Apportation              Tloc           0%         N/A       47%         1
 Kiss of Death            Conj/Necr      0%         2d5       47%         1
 Necrotise                Necr           0%         1d4       47%         1
 Sandblast                Erth           0%         2d4       47%         1
 Shock                    Conj/Air       0%         1d3       47%         1
 Slow                     Hex            0%         N/A       47%         1
 Sting                    Tmut/Pois      0%         1d3       47%         1
 Summon Small Mammal      Summ           0%         N/A       47%         1
 Blink                    Tloc           0%         N/A       63%         2
 Cigotuvi's Dreadful Rot  Necr/Pois/Air  0%         N/A       63%         2
 Lesser Beckoning         Tloc           0%         N/A       63%         2
 Momentum Strike          Conj/Tloc      0%         3d8       63%         2
 Passwall                 Tmut/Erth      0%         N/A       63%         2
 Sublimation of Blood     Necr           0%         N/A       63%         2
 Wereblood                Tmut           0%         N/A       63%         2
 Call Canine Familiar     Summ           0%         N/A       85%         3
 Confusing Touch          Hex            0%         N/A       85%         3
 Dazzling Flash           Conj/Hex       0%         N/A       85%         3
 Frozen Ramparts          Ice            0%         1d1       85%         3
 Gell's Gravitas          Tloc           0%         N/A       85%         3
 Hailstorm                Conj/Ice       0%         3d3       85%         3
 Ignite Poison            Fire/Tmut/Pois 0%         N/A       85%         3
 Inner Flame              Hex/Fire       0%         N/A       85%         3
 Mephitic Cloud           Conj/Pois/Air  0%         N/A       85%         3
 Ozocubu's Armour         Ice            0%         N/A       85%         3
 Stone Arrow              Conj/Erth      0%         3d7       85%         3
 Summon Guardian Golem    Hex/Summ       0%         N/A       85%         3
 Swiftness                Air            0%         N/A       85%         3
 Teleport Other           Tloc           0%         N/A       85%         3
 Tukima's Dance           Hex            0%         N/A       85%         3
 Vampiric Draining        Necr           0%         2d6       85%         3
 Airstrike                Air            0%         2d(0-16)  99%         4
 Anguish                  Hex/Necr       0%         N/A       99%         4
 Animate Armour           Summ/Erth      0%         N/A       99%         4
 Animate Dead             Necr           0%         N/A       99%         4
 Brom's Barrelling Bould  Conj/Erth      0%         2d3       99%         4
 Cause Fear               Hex            0%         N/A       99%         4
 Dispel Undead            Necr           0%         3d6       99%         4
 Flame Wave               Conj/Fire      0%         2d4       99%         4
 Fulminant Prism          Conj/Hex       0%         3d5       99%         4
 Manifold Assault         Tloc           0%         N/A       99%         4
 Olgreb's Toxic Radiance  Pois           0%         N/A       99%         4
 Passage of Golubria      Tloc           0%         N/A       99%         4
 Petrify                  Tmut/Erth      0%         N/A       99%         4
 Sticky Flame             Conj/Fire      0%         2d3       99%         4
 Summon Ice Beast         Ice/Summ       0%         N/A       99%         4
 Summon Lightning Spire   Summ/Air       0%         N/A       99%         4
 Vhi's Electric Charge    Tloc/Air       0%         N/A       99%         4
 Agony                    Necr           0%         N/A       100%        5
 Alistair's Intoxication  Tmut/Pois      0%         N/A       100%        5
 Arcjolt                  Conj/Air       0%         1d10      100%        5
 Fireball                 Conj/Fire      0%         3d3       100%        5
 Freezing Cloud           Conj/Ice/Air   0%         6-21      100%        5
 Irradiate                Conj/Tmut      0%         3d11      100%        5
 Iskenderun's Battlesphe  Conj           0%         2d6       100%        5
 Lee's Rapid Deconstruct  Erth           0%         3d4*      100%        5
 Metabolic Englaciation   Hex/Ice        0%         N/A       100%        5
 Silence                  Hex/Air        0%         N/A       100%        5
 Summon Forest            Summ/Tloc      0%         N/A       100%        5
 Summon Mana Viper        Hex/Summ       0%         N/A       100%        5
 Yara's Violent Unravell  Hex/Tmut       0%         3d3       100%        5
 Bombard                  Conj/Erth      0%         9d1       100%        6
 Conjure Ball Lightning   Conj/Air       0%         3x3d6     100%        6
 Death Channel            Necr           0%         N/A       100%        6
 Eringya's Noxious Bog    Tmut/Pois      0%         4d6       100%        6
 Plasma Beam              Fire/Air       0%         2x1d10    100%        6
 Simulacrum               Ice/Necr       0%         N/A       100%        6
 Summon Cactus Giant      Summ           0%         N/A       100%        6
 Enfeeble                 Hex            0%         N/A       100%        7
 Haunt                    Necr/Summ      0%         N/A       100%        7
 Orb of Destruction       Conj           0%         9d5       100%        7
 Ozocubu's Refrigeration  Ice            0%         4d7       100%        7
 Spellforged Servitor     Conj/Summ      0%         N/A       100%        7
 Summon Hydra             Summ           0%         N/A       100%        7
 Borgnjor's Revivificati  Necr           0%         N/A       100%        8
 Ignition                 Fire           0%         3d3       100%        8
 Infestation              Necr           0%         N/A       100%        8
 Chain Lightning          Conj/Air       0%         N/A       100%        9
 Death's Door             Necr           0%         N/A       100%        9
 Dragon's Call            Summ           0%         N/A       100%        9
 Fire Storm               Conj/Fire      0%         5d1       100%        9


Dungeon Overview and Level Annotations

Branches:
Dungeon (15/15)            Temple (1/1) D:4            Lair (5/5) D:8
 Shoals (4/4) Lair:2       Spider (4/4) Lair:3        Slime (5/5) Lair:4
    Orc (2/2) D:9             Elf (3/3) Orc:2        Vaults (0/5) D:13
 Depths (4/4) D:15            Zot (5/5) Depths:4     Bailey (visited)
  IceCv (visited)          WizLab (visited)         Desolation (visited)
Gauntlet (visited)

Altars:
Ashenzari
Cheibriados
Dithmenos
Elyvilon
Fedhas
Gozag
Hepliaklqana
Kikubaaqudgha
Makhleb
Nemelex Xobeh
Okawaru
Qazlal
Ru
Sif Muna
Trog
Uskayaw
Vehumet
Wu Jian
Xom
Yredelemnul
Zin
The Shining One
Beogh
Jiyva

Shops:
D:9 :   D:12 *   D:15 (   Orc:2 :[(   Elf:2 :(   Elf:3 :   Depths:1 *

Portals:
Hell: Depths:1 Depths:2 Depths:3 Depths:4
Abyss: Zot:1 Depths:3
Pandemonium: Depths:2 Depths:3
Ziggurat: Depths:3

Annotations:
D:7 exclusions: 2 electric eels and 1 more exclusion
Shoals:4 1 runed translucent door
Spider:3 Roxanne
Depths:1 3 runed translucent doors, Viocziel's ghost, adept TrMo
Depths:2 exclusions: 3 Tzitzimimeh and 1 more exclusion
Zot:1 2 transporters, Qephaces's ghost, veteran GnGl
Zot:5 exclusion: obsidian statue


Innate Abilities, Weirdness & Mutations

You are a bat.
You are tiny and dextrous.
You move quickly.
You are flying.
You are immune to poison.
Your equipment is almost entirely melded.
You are incapable of wielding weapons or throwing items.
You cannot cast spells.
You can walk on water.
((You have large cloven feet.))
You are agile. (Dex +4, Str/Int -1)
You are dopey. (Int -2)
You have an increased reservoir of magic. (+10% MP)


Message History

The electric golem hits you! The electric golem shocks you!!
* * * LOW HITPOINT WARNING * * *
The electric golem hits you!
* * * LOW HITPOINT WARNING * * *
The electric golem hits you!
* * * LOW HITPOINT WARNING * * *
Something touches you.
* * * LOW HITPOINT WARNING * * *
Your limbs are stiffening.
You feel much better.
The electric golem hurls lightning at you.
The bolt of lightning hits you!!!
* * * LOW HITPOINT WARNING * * *
Something touches you!!
* * * LOW HITPOINT WARNING * * *
The electric golem hurls lightning at you.
The bolt of lightning misses you.
You have turned to stone.
Something touches you!
* * * LOW HITPOINT WARNING * * *
The electric golem crackles and sizzles.
The electric golem hits you!
* * * LOW HITPOINT WARNING * * *
The electric golem shocks you!!
* * * LOW HITPOINT WARNING * * *
The electric golem barely misses you. The electric golem hits you.
* * * LOW HITPOINT WARNING * * *
The electric golem closely misses you. Something touches you!!
* * * LOW HITPOINT WARNING * * *
The electric golem hits you!
* * * LOW HITPOINT WARNING * * *
The electric golem shocks you!
* * * LOW HITPOINT WARNING * * *
The electric golem barely misses you. The electric golem hits you.
* * * LOW HITPOINT WARNING * * *
The electric golem hits you!
* * * LOW HITPOINT WARNING * * *
Something touches you.
* * * LOW HITPOINT WARNING * * *
The electric golem hits you.
You die...

....###...###########...###^.....
.....###...............###.......
.....# ##...^.........## #.......
.....# #....[....).^.# #^......
.....# ##...........## #..^....
.....# #...........# #.......
.....# ##)....))....## #.......
....## #.............# ##......
...## ##......pb9....#* ##.....
,,** #...............# ##.... ##*
########.######## ***** .##
#....# #.### ####.# #...#
#.###### #...###### #......####
#....#...# #.........# #####....#
#.........#


You could see a Killer Klown and an electric golem.

Vanquished Creatures
  the Royal Jelly (Slime:5)
  2 orbs of fire
  2 ancient liches (Zot:5)
  Mara (Depths:1)
  2 Killer Klowns
  Bai Suzhen (Spider:3)
  5 golden dragons
  Arachne (Spider:3)
  A bone dragon (Zot:4)
  Jorgrun (D:15)
  21 tentacled monstrosities
  4 liches
  12 Orb Guardians (Zot:5)
  10 quicksilver dragons
  A titan (Zot:4)
  14 acid blobs
  3 deep elf blademasters
  6 death cobs
  3 deep elf master archers
  The ghost of SirDiesAlot the Force of Nature, an adept DsFi of Fedhas (Shoals:2)
  3 ancient champions (Elf:3)
  8 storm dragons
  Aizul (Elf:2)
  2 fire giants
  3 draconian monks
  A tengu reaver (Depths:4)
  Ilsuiw (Shoals:2)
  7 shadow dragons
  2 thorn hunters (WizLab)
  3 fenstrider witches (WizLab)
  12 azure jellies
  7 rockslimes
  8 deep elf sorcerers (Elf:3)
  3 frost giants
  2 iron dragons (Zot:4)
  6 emperor scorpions
  5 draconian scorchers
  6 draconian knights
  3 imperial myrmidons (Desolation)
  2 deep elf elementalists
  4 draconian shifters
  6 ghost moths
  An orc warlord (Bailey)
  A curse skull (Elf:3)
  2 draconian stormcallers
  3 broodmothers
  6 draconian annihilators
  13 stone giants
  A reaper (Depths:3)
  14 quicksilver oozes
  2 vampire knights
  5 formless jellyfish
  9 green draconians
  26 very ugly things
  8 deep elf demonologists (Elf:3)
  12 yellow draconians
  A minotaur (Gauntlet)
  An eleionoma (WizLab)
  8 white draconians
  6 black draconians
  8 purple draconians
  9 deep elf death magi
  9 red draconians
  10 deep elf annihilators
  2 pale draconians (Depths:4)
  3 spark wasps (Spider:4)
  8 ettins
  7 merfolk javelineers
  2 shambling mangroves (WizLab)
  5 fire dragons
  2 crystal guardians (Desolation)
  2 deep elf high priests (Elf:3)
  9 merfolk impalers (Shoals:4)
  3 ragged hierophants (Desolation)
  2 entropy weavers
  Fannar (Orc:1)
  3 spectral elves (Elf:3)
  9 great orbs of eyes
  Harold (D:10)
  4 hydras
  A rakshasa (Depths:1)
  4 servants of whispers (Desolation)
  Erolcha (D:9)
  6 ice dragons
  2 jorogumos
  2 catoblepae
  10 centaur warriors
  3 ogre magi
  A hell beast (Depths:4)
  Erica (Orc:1)
  3 merfolk avatars
  3 boulder beetles
  9 merfolk aquamancers
  2 orc knights
  5 peacekeepers (Desolation)
  3 spriggan air magi
  A death knight (D:15)
  5 deep troll shamans
  4 radroaches
  17 two-headed ogres
  A hell hog (Depths:4)
  An orc high priest (Elf:1)
  2 vampire magi
  2 death scarabs (Gauntlet)
  11 satyrs
  7 tengu warriors
  3 naga sharpshooters (WizLab)
  4 deep troll earth magi
  20 dancing weapons
  14 demonic crawlers
  9 hell knights (Depths:2)
  A spriggan berserker (Depths:2)
  3 orc sorcerers
  2 soul eaters
  6 sun demons (Depths:4)
  17 deep elf knights
  6 skysharks
  4 iron trolls
  2 shadow wraiths (Elf:3)
  6 pharaoh ants
  2 sun moths
  2 elf simulacra (Elf:3)
  10 deep elf archers
  A naga ritualist (Depths:1)
  11 sea snakes
  A spectral hydra (Gauntlet)
  14 orb spiders
  12 skeletal warriors
  3 wizards
  11 steelbarb worms
  3 glowing orange brains
  12 deep trolls
  7 harpies
  2 phantasmal warriors (D:15)
  2 lindwurms
  2 necromancers
  21 deep elf pyromancers
  A salamander (Depths:4)
  Pikel (D:5)
  27 deep elf zephyrmancers
  15 wolf spiders
  2 ironbound convokers (Desolation)
  12 shining eyes
  An oklob plant (WizLab)
  24 moths of wrath
  17 cyclopes
  A spectral boulder beetle (Gauntlet)
  23 ugly things
  10 manticores
  16 fauns
  A rust devil (Depths:3)
  A black mamba (shapeshifter) (Elf:3)
  3 black mambas
  12 merfolk sirens
  4 elephants (Lair:4)
  Maurice (D:13)
  5 eyes of devastation
  A guardian serpent (Desolation)
  4 water nymphs
  7 torpor snails
  A gargoyle (D:11)
  An unseen horror (shapeshifter) (Elf:3)
  16 cane toads
  A molten gargoyle (D:14)
  An unseen horror (D:12)
  A hellion (Depths:4)
  9 komodo dragons
  A yaktaur (shapeshifter) (Elf:3)
  An orange demon (Lair:1)
  2 yaktaurs (WizLab)
  4 rime drakes
  3 efreet
  A freezing wraith (D:14)
  A kobold demonologist (D:10)
  A tengu conjurer (Depths:4)
  30 merfolk
  3 trolls
  4 wind drakes
  2 polar bears
  A hellwing (Depths:3)
  6 meliai
  A meliai (shapeshifter) (D:13)
  2 hornets (Spider:1)
  47 saltlings (Desolation)
  23 tarantellas
  A tyrant leech (Lair:5)
  21 blink frogs
  8 dream sheep
  A slime creature (shapeshifter) (Depths:1)
  10 snapping turtles
  23 jumping spiders
  65 slime creatures
  11 water elementals
  2 flying skulls (Elf:3)
  22 culicivoras
  2 air elementals (Elf:1)
  2 shadows
  7 wyverns
  A vampire (Elf:3)
  30 yaks
  A ynoxinul (Depths:3)
  The ghost of BleedingAnus the Shield-Bearer, an amateur MiFi (D:6)
  A human (shapeshifter) (D:13)
  A wraith (D:13)
  4 fire elementals
  5 steam dragons
  5 golden eyes
  4 basilisks
  50 redbacks
  13 vampire mosquitoes
  Menkaure (D:5)
  3 nagas (Depths:1)
  4 wargs (Orc:1)
  6 acid dragons
  8 water moccasins
  2 black bears
  2 ice beasts
  12 orc warriors
  3 sky beasts
  A sky beast (shapeshifter) (D:13)
  3 great orb of eyes simulacra (IceCv)
  10 ogres
  A phantom (D:6)
  6 wolves
  7 centaurs
  4 slime creature simulacra (IceCv)
  7 kobold brigands
  2 gnoll sergeants (D:10)
  3 earth elementals
  12 bullfrogs
  A bullfrog (shapeshifter) (Depths:3)
  3 glowing shapeshifter simulacra (IceCv)
  5 scorpions
  6 wights
  13 killer bees
  8 howler monkeys
  An electric eel (Lair:5)
  A lava snake (Lair:3)
  2 hounds
  6 jellies
  8 orc priests
  A gnoll bouda (D:7)
  Jessica (D:3)
  4 iguanas (D:7)
  Terence (D:3)
  11 hell rats
  12 orc wizards
  2 shapeshifter simulacra (IceCv)
  9 adders
  12 gnolls
  A shadow imp (D:5)
  2 white imps (D:6)
  3 worms
  2 dart slugs
  33 orcs
  10 ball pythons
  A bat (D:1)
  5 endoplasms
  9 giant cockroaches
  8 goblins
  11 hobgoblins
  10 jackals
  29 kobolds
  A quokka (D:2)
  4 frilled lizards
  3 rats
1704 creatures vanquished.

Vanquished Creatures (collateral kills)
  A tentacled monstrosity (Zot:2)
  2 acid blobs
  Frances (Spider:1)
  2 death cobs
  An azure jelly (Slime:3)
  The ghost of Kurtz the Skinwalker, an adept FeIE of Hepliaklqana (Elf:2)
  An orc warlord (Orc:2)
  A green draconian (Zot:3)
  A halazid warlock (Desolation)
  A red draconian (Zot:3)
  2 entropy weavers (Spider:1)
  A fire dragon (Zot:4)
  A ragged hierophant (Desolation)
  The ghost of Cattocvo the Carver, a journeyman VSWr of Wu Jian (Lair:2)
  5 servants of whispers (Desolation)
  An ice dragon (Zot:4)
  2 peacekeepers (Desolation)
  4 hydras
  A spriggan air mage (Depths:4)
  A merfolk aquamancer (Shoals:3)
  A radroach (Spider:3)
  A death scarab (Spider:2)
  7 dancing weapons
  3 demonic crawlers (Spider:1)
  A sun demon (Depths:4)
  A hell knight (Depths:2)
  A skyshark (Shoals:1)
  Amaemon (Lair:1)
  2 pharaoh ants
  A goliath frog (Lair:5)
  An elf simulacrum (Elf:3)
  An orb spider (Spider:3)
  3 wolf spiders
  A manticore (Shoals:1)
  3 steelbarb worms
  6 deep elf pyromancers
  7 deep elf zephyrmancers
  An ugly thing (D:11)
  5 cyclopes
  A shining eye (Slime:1)
  2 moths of wrath
  2 merfolk sirens (Lair:2)
  3 cane toads (Lair:5)
  3 guardian serpents (Desolation)
  A torpor snail (Spider:3)
  Maggie (Lair:1)
  2 rime drakes
  4 komodo dragons (Lair:1)
  A troll (Orc:1)
  A meliai (Spider:3)
  2 merfolk (Lair:2)
  2 tyrant leeches (Lair:5)
  10 tarantellas
  A dream sheep (Lair:5)
  8 saltlings (Desolation)
  2 blink frogs
  14 jumping spiders
  A vampire (Elf:3)
  12 slime creatures
  3 culicivoras
  11 yaks
  A wraith (D:10)
  16 redbacks
  5 golden eyes
  2 wargs (Orc:1)
  2 water moccasins
  6 orc warriors
  7 ogres
  2 centaurs
  A kobold brigand (D:8)
  3 bullfrogs
  2 scorpions (Spider:1)
  2 wights (D:9)
  5 killer bees
  2 howler monkeys (D:10)
  2 orc priests
  4 orc wizards
  A hell rat (Lair:2)
  3 gnolls
  16 orcs
  4 kobolds
  2 goblins (D:10)
253 creatures vanquished.

Vanquished Creatures (others)
  A deep elf master archer (Elf:3)
  A quicksilver ooze (IceCv)
  2 merfolk aquamancers
  An orc high priest (Desolation)
  A deep elf knight (Elf:3)
  3 orc sorcerers
  A deep elf pyromancer (Elf:2)
  27 orc knights
  A deep elf zephyrmancer (Elf:1)
  33 orc warriors
  A merfolk (Shoals:4)
  A tarantella (Spider:1)
  26 orc wizards
  A water elemental (Shoals:4)
  31 orc priests
  A scorpion (Spider:1)
  An adder (D:4)
  73 orcs
  A kobold (D:4)
  A lost soul (Elf:3)
208 creatures vanquished.

Grand Total: 2165 creatures vanquished

Notes
Turn   | Place    | Note
-------+----------+-------------------------------------------
     0 | D:1      | TheGamechu the Hill Orc Fighter began the quest for the
                  | Orb.
     0 | D:1      | Reached XP level 1. HP: 19/19 MP: 1/1
    67 | D:1      | Reached XP level 2. HP: 26/27 MP: 2/2
   308 | D:1      | Reached XP level 3. HP: 31/33 MP: 3/3
   836 | D:2      | Identified the ring "Ilieddode" {rPois rC+ Will+}
   874 | D:2      | Reached XP level 4. HP: 40/40 MP: 2/4
  1005 | D:2      | Found an iron altar of Okawaru.
  1446 | D:3      | Noticed Terence
  1458 | D:3      | Killed Terence
  1770 | D:3      | Identified a scroll of acquirement
  1774 | D:3      | Acquired the +1 pair of gloves of Sophism {Will+ Int+6}
  1975 | D:3      | Noticed Jessica
  2000 | D:3      | Killed Jessica
  2001 | D:3      | Reached XP level 5. HP: 28/47 MP: 3/5
  2556 | D:4      | Became a worshipper of Beogh the Brigand
  2609 | D:3      | Reached skill level 5 in Fighting
  2609 | D:3      | Reached XP level 6. HP: 32/56 MP: 2/6
  2696 | D:4      | Reached skill level 1 in Throwing
  2834 | D:4      | Found a staircase to the Ecumenical Temple.
  2864 | Temple   | Entered the Ecumenical Temple
  3286 | D:5      | Entered Level 5 of the Dungeon
  3383 | D:5      | Reached skill level 5 in Axes
  3399 | D:5      | Reached skill level 5 in Armour
  3399 | D:5      | Reached XP level 7. HP: 28/61 MP: 3/7
  3521 | D:5      | Found the +6 shillelagh "Devastator" {shatter}
  3937 | D:5      | Noticed Pikel
  4215 | D:5      | Killed Pikel
  4215 | D:5      | Reached * piety under Beogh
  4216 | D:5      | Reached XP level 8. HP: 65/71 MP: 6/8
  4290 | D:5      | Noticed Menkaure
  4298 | D:5      | Killed Menkaure
  4629 | D:5      | Found an ornate altar of the Wu Jian Council.
  4976 | D:5      | Reached skill level 1 in Maces & Flails
  5052 | D:6      | Found a snail-covered altar of Cheibriados.
  5053 | D:6      | Found a basalt altar of Yredelemnul.
  5056 | D:6      | Found a shimmering altar of Xom.
  5063 | D:6      | Found a sacrificial altar of Ru.
  5063 | D:6      | Found a blossoming altar of Fedhas.
  5064 | D:6      | Found a radiant altar of Vehumet.
  5174 | D:6      | Reached XP level 9. HP: 81/81 MP: 9/9
  5266 | D:6      | Found a large runed translucent door.
  5266 | D:6      | Found a large runed translucent door.
  5267 | D:6      | Noticed BleedingAnus's ghost (amateur MiFi)
  5288 | D:6      | Killed BleedingAnus's ghost
  5805 | D:7      | Reached ** piety under Beogh
  5815 | D:7      | Reached skill level 5 in Throwing
  5818 | D:7      | Identified the +0 leather armour of the Moon Troll {+Blink
                  | rN+ Will+ Stlth-}
  6349 | D:7      | Reached skill level 5 in Maces & Flails
  6349 | D:7      | Reached skill level 1 in Invocations
  6603 | D:7      | Noticed a troll
  6744 | D:7      | Killed a troll
  6886 | D:7      | Reached XP level 10. HP: 82/91 MP: 10/12
  7008 | D:8      | Reached *** piety under Beogh
  7641 | D:8      | Found a staircase to the Lair.
  7692 | D:9      | Reached skill level 10 in Fighting
  7692 | D:9      | Noticed a two-headed ogre
  7964 | D:8      | Reached skill level 1 in Dodging
  7964 | D:8      | Reached skill level 5 in Invocations
  8141 | D:9      | Found a staircase to the Orcish Mines.
  8142 | D:9      | Noticed a two-headed ogre
  8432 | D:9      | Killed a two-headed ogre
  8532 | D:9      | Reached XP level 11. HP: 99/101 MP: 13/15
  8559 | D:9      | Killed a two-headed ogre
  8559 | D:9      | Reached **** piety under Beogh
  8695 | D:9      | Noticed Erolcha
  8706 | D:9      | Killed Erolcha
  9301 | D:9      | Found Juesihall's Self-Improvement Boutique.
  9516 | D:10     | Entered Level 10 of the Dungeon
  9637 | D:10     | Noticed Harold
  9666 | D:10     | HP: 3/102 [vampire mosquito (7)]
  9686 | D:10     | Found a flagged portal.
  9695 | Bailey   | Entered a bailey
  9823 | Bailey   | Noticed an orc warlord
 10148 | Bailey   | Found a runed translucent gate.
 10157 | Bailey   | Found a runed translucent gate.
 10158 | Bailey   | Found a runed translucent gate.
 10540 | Bailey   | Killed an orc warlord
 10576 | Bailey   | Acquired a manual of Dodging
 10610 | D:10     | Killed Harold
 10611 | D:10     | Reached skill level 10 in Axes
 11254 | D:10     | Found a hide-covered altar of Uskayaw.
 11610 | D:11     | Noticed a cyclops
 11617 | D:11     | Killed a cyclops
 11726 | D:11     | Noticed a purple ugly thing
 11735 | D:11     | Killed a purple ugly thing
 11925 | D:11     | Gained Norbak as an ally
 11933 | D:11     | Your ally Norbak died
 12101 | D:11     | Reached XP level 12. HP: 112/112 MP: 15/17
 12168 | D:11     | Noticed a two-headed ogre
 12177 | D:11     | Killed a two-headed ogre
 12955 | Lair:1   | Entered Level 1 of the Lair of Beasts
 12960 | Lair:1   | Identified the +2 long sword of Wess {drain, +Blink rC+
                  | Int+3 Stlth+}
 13446 | Lair:1   | Noticed Amaemon
 13453 | Lair:1   | Killed Amaemon
 14146 | Lair:1   | Noticed Maggie
 14152 | Lair:1   | Killed Maggie
 14421 | Lair:2   | Found a frozen archway.
 14437 | IceCv    | Entered an ice cave
 14542 | IceCv    | Noticed a quicksilver ooze
 14552 | IceCv    | Killed a quicksilver ooze
 14785 | IceCv    | Reached skill level 10 in Armour
 14849 | IceCv    | Noticed a quicksilver ooze
 14855 | IceCv    | Killed a quicksilver ooze
 14941 | IceCv    | Reached ***** piety under Beogh
 15104 | IceCv    | Noticed a quicksilver ooze
 15135 | IceCv    | HP: 2/115 [quicksilver ooze (13)]
 15303 | IceCv    | Killed a quicksilver ooze
 15470 | IceCv    | Found a viscous altar of Jiyva.
 15470 | IceCv    | Noticed an azure jelly
 15475 | IceCv    | Killed an azure jelly
 15476 | IceCv    | Reached XP level 13. HP: 122/122 MP: 13/20
 15478 | IceCv    | Noticed an azure jelly
 15486 | IceCv    | Killed an azure jelly
 15599 | IceCv    | Identified the amulet "Iqis" {Acrobat rF- rC++ Regen+
                  | Dex+4}
 15607 | IceCv    | Got the ring of the Dull Tomato {Ice rPois}
 15612 | IceCv    | Identified the ring of Devotion {Drain rCorr Dex+4}
 15897 | Lair:2   | Reached skill level 10 in Invocations
 16132 | Lair:2   | Found a staircase to the Shoals.
 16187 | Lair:2   | Found a runed translucent gate.
 16187 | Lair:2   | Found a runed translucent gate.
 16190 | Lair:2   | Noticed Cattocvo's ghost (journeyman VSWr)
 16191 | Lair:2   | Found a runed translucent gate.
 16458 | Lair:2   | Upgraded the game from 0.31-a0-112-gdf0485fa37 to
                  | 0.31-a0-846-gb3bcc0d938
 16782 | Lair:3   | Found a hole to the Spider Nest.
 17002 | Lair:3   | Found the +3 pair of seven-league boots {Rampage+∞}
 17342 | Lair:3   | Acquired the +16 crystal plate armour of the Summoning Gods
                  | {rPois SInv}
 18069 | Lair:4   | Reached skill level 5 in Dodging
 18489 | Lair:4   | Found a viscous altar of Jiyva.
 18490 | Lair:4   | Found a staircase to the Slime Pits.
 19058 | Lair:5   | Entered Level 5 of the Lair of Beasts
 19184 | Lair:5   | Reached XP level 14. HP: 111/133 MP: 19/22
 19197 | Lair:5   | Reached skill level 15 in Fighting
 19270 | Lair:5   | Gained Zartorak as an ally
 19570 | Lair:5   | Reached skill level 15 in Axes
 20138 | Lair:5   | Identified the +1 spear "Kenuateh" {flame, rPois rCorr
                  | Str+2 SInv}
 20641 | Lair:2   | Identified the +1 war axe of Otud Hipp {freeze, rElec Str+5
                  | Int+3 Stlth+}
 20652 | Lair:2   | Killed Cattocvo's ghost
 20844 | Orc:1    | Entered Level 1 of the Orcish Mines
 20970 | Spider:1 | Entered Level 1 of the Spider Nest
 20981 | Spider:1 | Your ally Zartorak died
 21105 | Spider:1 | Reached ****** piety under Beogh
 21432 | Orc:1    | Noticed Fannar
 21439 | Orc:1    | Killed Fannar
 21440 | Orc:1    | Reached skill level 5 in Shields
 21562 | Orc:1    | Gained Bolgrim as an ally
 21595 | Orc:1    | Reached XP level 15. HP: 123/145 MP: 24/24
 21661 | Orc:1    | Your ally Bolgrim died
 21686 | Orc:1    | Found the +8 frozen axe "Frostbite" {freeze, freezing
                  | cloud, *Noise Fly rC+}
 21714 | Orc:1    | Identified the +3 trident of the Messenger {spect, *Corrode
                  | Str+2 SInv}
 21719 | Orc:1    | Identified the +6 quick blade "Orb Guardian's Foe" {venom,
                  | Drain +Blink rN+}
 21774 | Orc:1    | Identified the ring "Ewogh" {Fire Will++ Str-5 Dex+2 SInv}
 21789 | Orc:1    | Identified the +0 chain mail of Nalaw {+Blink rCorr}
 21963 | Orc:1    | Noticed Erica
 21967 | Orc:1    | Killed Erica
 21984 | Orc:1    | Gained Zartorak as an ally
 21986 | Orc:1    | Your ally Zartorak died
 22089 | Orc:1    | Found a roughly hewn altar of Beogh.
 22164 | Orc:1    | Found Foalalut's Vocational Training.
 22184 | Orc:1    | Bought a manual of Evocations for 1040 gold pieces
 22184 | Orc:1    | Bought a manual of Invocations for 1040 gold pieces
 22432 | Orc:2    | Entered Level 2 of the Orcish Mines
 22432 | Orc:2    | Found a gate leading to a gauntlet.
 22457 | Orc:2    | Found a roughly hewn altar of Beogh.
 22458 | Orc:2    | Found Otzuoco's Book Shoppe.
 22458 | Orc:2    | Gained Koronagh as an ally
 22516 | Orc:2    | Found a staircase to the Elven Halls.
 22523 | Orc:2    | Found a roughly hewn altar of Beogh.
 22606 | Orc:2    | Found a roughly hewn altar of Beogh.
 22611 | Orc:2    | Found Zyditt's Jewellery Boutique.
 22641 | Gauntlet | Entered a Gauntlet
 22641 | Gauntlet | Found a transporter.
 22644 | Gauntlet | Found a transporter.
 22659 | Gauntlet | Found a transporter.
 22663 | Gauntlet | Found a transporter.
 22673 | Gauntlet | Found a transporter.
 22693 | Gauntlet | Found a transporter.
 22709 | Gauntlet | Found a transporter.
 22723 | Gauntlet | Found a transporter.
 22727 | Gauntlet | Found a transporter.
 22735 | Gauntlet | Found a transporter.
 22760 | Gauntlet | Found a transporter.
 22762 | Gauntlet | Found a transporter.
 22833 | Gauntlet | Reached skill level 1 in Evocations
 22850 | Gauntlet | Identified the ring of Ehoih {Fire rN+ Str+3}
 22884 | Gauntlet | Identified the amulet "Ibeod" {Reflect Rampage Int+3 SH+5}
 23098 | Orc:2    | Found a roughly hewn altar of Beogh.
 23259 | Orc:2    | Found Ulagyruq's Antique Weapon Shoppe.
 23259 | Orc:2    | Noticed an orc warlord
 23262 | Orc:2    | Found a roughly hewn altar of Beogh.
 23264 | Orc:2    | Found Pioleag's Antique Armour Emporium.
 23276 | Orc:2    | Killed an orc warlord
 23551 | Orc:2    | Found a roughly hewn altar of Beogh.
 23566 | Orc:2    | Found a roughly hewn altar of Beogh.
 24043 | Spider:1 | Noticed Frances
 24056 | Spider:1 | Killed Frances
 24154 | Spider:1 | Noticed an emperor scorpion
 24165 | Spider:1 | Killed an emperor scorpion
 24242 | Spider:1 | Found the +4 Cigotuvi's embrace {Corpsefed rMiasma Drain
                  | rN+}
 24824 | Spider:2 | Reached skill level 5 in Evocations
 24835 | Spider:2 | Noticed an emperor scorpion
 24852 | Spider:2 | Killed an emperor scorpion
 24960 | Spider:2 | Reached XP level 16. HP: 155/155 MP: 26/26
 25432 | Spider:2 | Your ally Koronagh died
 25451 | Spider:2 | Gained Boghold as an ally
 26087 | Spider:3 | Noticed Roxanne
 26096 | Spider:3 | Your ally Boghold died
 26257 | Spider:3 | Reached skill level 15 in Invocations
 26467 | Spider:3 | Noticed Arachne
 26493 | Spider:3 | Killed Arachne
 26540 | Spider:3 | Noticed Bai Suzhen
 27528 | Spider:3 | Killed Bai Suzhen
 28210 | Spider:4 | Entered Level 4 of the Spider Nest
 28450 | Spider:3 | Upgraded the game from 0.31-a0-846-gb3bcc0d938 to
                  | 0.31-a0-848-gaac375c287
 28590 | Spider:4 | Gained Bogwald as an ally
 28600 | Spider:4 | Your ally Bogwald died
 28908 | Spider:4 | Reached XP level 17. HP: 166/166 MP: 29/29
 30864 | Spider:4 | Got a gossamer rune of Zot
 30883 | Spider:4 | Identified the +0 hat of Ijaidghop {Dex+3}
 31239 | Shoals:1 | Entered Level 1 of the Shoals
 31349 | Shoals:1 | Gained Berold as an ally
 32408 | Shoals:2 | Noticed Ilsuiw
 32449 | Shoals:2 | Your ally Berold died
 32582 | Shoals:2 | Killed Ilsuiw
 32853 | Shoals:2 | Reached skill level 10 in Evocations
 32960 | Shoals:2 | Found a runed translucent gate.
 32960 | Shoals:2 | Found a runed translucent gate.
 32961 | Shoals:2 | Found a runed translucent gate.
 32963 | Shoals:2 | Noticed SirDiesAlot's ghost (adept DsFi)
 33403 | Shoals:2 | Identified the +3 ring mail "Geojatig" {+Inv rC+ Int-4
                  | Dex+3}
 33630 | Shoals:2 | Gained Judas as an ally
 33635 | Shoals:2 | Your ally Judas died
 33650 | Shoals:2 | Killed SirDiesAlot's ghost
 33809 | Shoals:2 | Identified the +1 helmet of Gimpykk {rElec rN+ Str+4 Dex-3}
 34121 | Shoals:3 | Reached XP level 18. HP: 162/176 MP: 31/31
 34365 | Shoals:3 | Reached skill level 15 in Armour
 34583 | Shoals:3 | Identified the +1 robe of the Hills {rN+ rCorr Str+4}
 34936 | Shoals:3 | Reached skill level 10 in Throwing
 35255 | Shoals:4 | Entered Level 4 of the Shoals
 36274 | Shoals:4 | Got a barnacled rune of Zot
 36388 | Shoals:4 | Paralysed by a formless jellyfish for 1 turns
 36469 | Shoals:4 | Identified the +3 quarterstaff of the Six Yaks {flame, rC+}
 37030 | Shoals:4 | Found a runed translucent door.
 37651 | Elf:1    | Entered Level 1 of the Elven Halls
 37662 | Elf:1    | Paralysed by an air elemental for 1 turns
 37684 | Elf:1    | Paralysed by an air elemental for 1 turns
 37707 | Elf:1    | Found a crumbling gateway.
 37716 | Desolati | Entered the Desolation of Salt
 37866 | Desolati | Gained Brunolf as an ally
 38030 | Desolati | Reached XP level 19. HP: 162/185 MP: 33/33
 38117 | Desolati | Identified the staff "Sarcophage" {rElec MP+9 Stlth+ Air}
 38126 | Desolati | Got a blackened book
 38190 | Desolati | Your ally Brunolf died
 38195 | Desolati | Gained Warbeogh as an ally
 38224 | Desolati | Your ally Warbeogh died
 38241 | Desolati | Gained Brunolf as an ally
 38242 | Desolati | Gained Wargrak as an ally
 38405 | Desolati | Got a vellum book
 38473 | Desolati | Got a whispering book
 38636 | Desolati | Found the +5 moon troll leather armour {Spirit, Regen++
                  | MP+5}
 38642 | Desolati | Got an antique book
 40108 | Elf:2    | Acquired the ring "Kidwenylu" {rPois Will+}
 40129 | Elf:2    | Found Ziuse Japh's Antique Weapon Emporium.
 40149 | Elf:2    | Noticed Aizul
 40161 | Elf:2    | Killed Aizul
 40514 | Elf:2    | Gained Rocco as an ally
 40584 | Elf:2    | Found a runed translucent gate.
 40585 | Elf:2    | Found a runed translucent gate.
 40585 | Elf:2    | Found a runed translucent gate.
 40618 | Elf:2    | Found a runed translucent door.
 40618 | Elf:2    | Noticed Kurtz's ghost (adept FeIE)
 40635 | Elf:2    | Killed Kurtz's ghost
 40812 | Elf:2    | Found Suffoaz's Tremendous Tomes.
 41064 | Elf:2    | Your ally Brunolf died
 41067 | Elf:2    | Your ally Wargrak died
 41070 | Elf:2    | Your ally Rocco died
 41073 | Abyss:4  | Found a corrupted altar of Lugonu.
 41073 | Abyss:4  | Cast into level 4 of the Abyss (+2 trident of distortion)
 41074 | Abyss:4  | Found a bloodstained altar of Trog.
 41106 | Elf:2    | Escaped the Abyss
 41570 | Elf:2    | Reached XP level 20. HP: 198/198 MP: 34/34
 41976 | Elf:3    | Entered Level 3 of the Elven Halls
 42078 | Elf:3    | Noticed a Tzitzimitl
 42083 | Elf:3    | Found Avoxtu Naepu's Book Shoppe.
 42086 | Elf:3    | Found a magical portal.
 42095 | WizLab   | Entered Eringya's Formal Garden
 42267 | WizLab   | Identified the staff "Xuthoph" {rPois rCorr Int+3 Poison}
 42398 | WizLab   | Got a curling book
 42913 | WizLab   | Found a blossoming altar of Fedhas.
 43816 | Elf:3    | Reached skill level 10 in Shields
 44489 | Elf:3    | Identified the +6 falchion of Nepole Feit {heavy, Int+3}
 44698 | Elf:3    | Identified the ring of Yduat {rF+ Int+3 Dex+6}
 45356 | Elf:3    | Identified the ring of Suiqown {rC+ Dex+4}
 46486 | Elf:3    | Noticed a Tzitzimitl
 46742 | Elf:3    | Reached XP level 21. HP: 184/191 MP: 36/36
 47021 | Elf:3    | Identified the +5 short sword of Zypseeni {drain, Str+4
                  | Dex+3}
 47225 | Elf:3    | Identified the ring "Ruism" {rElec Will+ MP+9 Int+2}
 47254 | Elf:3    | Identified the +6 quarterstaff of Law {elec, Int+3}
 47255 | Elf:3    | Identified the +0 plate armour of Zuta {rF+ rN+ Slay+3}
 47342 | Elf:3    | Identified the +0 kite shield of Ignis's Whim {Will+ MP+9
                  | Stlth+}
 47342 | Elf:3    | Found the +3 pair of gauntlets of War {Slay+5}
 47348 | Elf:3    | Got a strange book
 47363 | Elf:3    | Identified the +1 chain mail of Gozag's Brutal Revenge
                  | {Slay+3}
 47366 | Elf:3    | Found the +8 storm bow {elec, penet}
 48312 | D:12     | Found Voebaclade's Elemental Accessories.
 48320 | D:12     | Bought a tin of tremorstones (2/2) for 640 gold pieces
 48840 | D:13     | You fall into a shaft and drop 2 floors!
 48840 | D:15     | Entered Level 15 of the Dungeon
 49043 | D:14     | Found a blossoming altar of Fedhas.
 49558 | D:13     | Noticed Maurice
 49562 | D:13     | Killed Maurice
 49626 | D:13     | Found a gate to the Vaults.
 50130 | D:14     | Found a hazy altar of Hepliaklqana.
 50294 | D:15     | Noticed Jorgrun
 50309 | D:15     | Killed Jorgrun
 50769 | D:15     | Found a staircase to the Depths.
 50776 | D:15     | Found Iblaf's Antique Weapon Shop.
 51289 | Slime:1  | Entered Level 1 of the Pits of Slime
 51301 | Slime:1  | Gained Bogwald as an ally
 51891 | Slime:2  | Gained mutation: You are frail. (-10% HP) [a shining eye]
 52178 | Slime:5  | Entered Level 5 of the Pits of Slime
 52572 | Slime:5  | Your ally Bogwald died
 52574 | Slime:5  | Reached XP level 22. HP: 197/198 MP: 37/37
 52612 | Slime:5  | Gained mutation: You occasionally lose the ability to drink
                  | potions when taking damage. [a shining eye]
 52616 | Slime:5  | Noticed the Royal Jelly
 52617 | Slime:5  | Gained mutation: You are clumsy. (Dex -2) [a shining eye]
 52622 | Slime:5  | Gained mutation: You are dopey. (Int -2) [a shining eye]
 53221 | Slime:4  | Gained mutation: Your magical capacity is low. (-10% MP) [a
                  | shining eye]
 53224 | Slime:4  | Gained mutation: You are very frail. (-20% HP) [a shining
                  | eye]
 53448 | Slime:5  | Gained mutation: You do not regenerate when monsters are
                  | visible. [a shining eye]
 53618 | Slime:5  | Found a viscous altar of Jiyva.
 53801 | Slime:5  | Killed the Royal Jelly
 54158 | Slime:4  | Lost mutation: Your magical capacity is low. (-10% MP)
                  | [potion of mutation]
 54158 | Slime:4  | Lost mutation: You are very frail. (-20% HP) [potion of
                  | mutation]
 54158 | Slime:4  | Lost mutation: You occasionally lose the ability to drink
                  | potions when taking damage. [potion of mutation]
 54158 | Slime:4  | Gained mutation: Your flesh is cold resistant. (rC+)
                  | [potion of mutation]
 54158 | Slime:4  | Gained mutation: You have a somewhat thin skeletal
                  | structure. (Dex +2, Stealth+) [potion of mutation]
 54159 | Slime:4  | Lost mutation: You are clumsy. (Dex -2) [potion of
                  | mutation]
 54159 | Slime:4  | Lost mutation: You are frail. (-10% HP) [potion of
                  | mutation]
 54159 | Slime:4  | Lost mutation: You have a somewhat thin skeletal structure.
                  | (Dex +2, Stealth+) [potion of mutation]
 54159 | Slime:4  | Gained mutation: You are vulnerable to heat. (rF-) [potion
                  | of mutation]
 54160 | Slime:4  | Lost mutation: You are vulnerable to heat. (rF-) [potion of
                  | mutation]
 54160 | Slime:4  | Lost mutation: Your flesh is cold resistant. (rC+) [potion
                  | of mutation]
 54160 | Slime:4  | Gained mutation: You passively dampen the noise of your
                  | surroundings. [potion of mutation]
 54160 | Slime:4  | Gained mutation: You occasionally shout uncontrollably at
                  | your foes. [potion of mutation]
 54160 | Slime:4  | Gained mutation: You have sharp toenails. [potion of
                  | mutation]
 54161 | Slime:4  | Lost mutation: You are dopey. (Int -2) [potion of mutation]
 54161 | Slime:4  | Lost mutation: You occasionally shout uncontrollably at
                  | your foes. [potion of mutation]
 54161 | Slime:4  | Lost mutation: You passively dampen the noise of your
                  | surroundings. [potion of mutation]
 54161 | Slime:4  | Lost mutation: You do not regenerate when monsters are
                  | visible. [potion of mutation]
 54161 | Slime:4  | Gained mutation: You have razor-sharp toenails. [potion of
                  | mutation]
 54175 | Slime:5  | Gained Morguth as an ally
 54189 | Slime:5  | Your ally Morguth died
 54526 | Slime:5  | Got a strange book
 54532 | Slime:5  | Identified the ring "Wetiotso" {Fire rPois Int+3 Dex+2}
 54573 | Slime:5  | Got a moth-eaten book
 54637 | Slime:5  | Identified the +8 arbalest "Kureng" {penet, Str+4}
 54638 | Slime:5  | Identified the +4 long sword "Newtbane" {freeze, rC+ Int+3}
 54664 | Slime:5  | Identified the +3 plate armour of the Silversmith {rF+
                  | Stlth+}
 54715 | Slime:5  | Got a slimy rune of Zot
 55156 | Depths:1 | Entered Level 1 of the Depths
 55323 | Depths:1 | Found a gateway to Hell.
 55420 | Depths:1 | Noticed Mara
 55427 | Depths:1 | Killed Mara
 55803 | Depths:1 | Found Nesuov's Serpentskin Sales.
 55973 | Depths:1 | Found a runed translucent gate.
 55973 | Depths:1 | Found a runed translucent gate.
 55974 | Depths:1 | Found a runed translucent gate.
 55975 | Depths:1 | Noticed Viocziel's ghost (adept TrMo)
 56075 | Depths:1 | Noticed a dread lich
 56229 | Depths:2 | Gained Borgun as an ally
 56231 | Depths:2 | Your ally Borgun died
 57523 | Depths:2 | Found a one-way gate leading to the halls of Pandemonium.
 58046 | Depths:3 | Found a one-way gateway to a ziggurat.
 58079 | Depths:3 | Identified the +7 spear of Waikhlaki {drain, rN+ rCorr
                  | Int+4 Stlth+}
 58094 | Depths:3 | Reached XP level 23. HP: 233/234 MP: 39/39
 58176 | Depths:3 | Identified the +7 spear "Wimmur" {flame, Will+ SInv}
 58186 | Depths:3 | Found the +2 Maxwell's thermic engine {flame, freeze, rev}
 58226 | Depths:3 | Found a one-way gate to the infinite horrors of the Abyss.
 58264 | Depths:3 | Reached skill level 15 in Throwing
 59164 | Depths:4 | Entered Level 4 of the Depths
 59635 | Depths:4 | Noticed a golden dragon
 59638 | Depths:4 | Killed a golden dragon
 59737 | Depths:4 | Found a gate to the Realm of Zot.
 59828 | Depths:4 | Gained Milork as an ally
 59828 | Depths:4 | Gained Bogrim as an ally
 59830 | Depths:4 | Your ally Milork died
 59848 | Depths:4 | Identified the +1 long sword "Spiderbane" {freeze, rC+}
 59857 | Depths:4 | Your ally Bogrim died
 60279 | Depths:4 | Found a burning altar of Makhleb.
 60740 | Zot:1    | Entered Level 1 of the Realm of Zot
 61894 | Zot:1    | HP: 8/236 [tentacled monstrosity (6)]
 62379 | Zot:1    | Reached XP level 24. HP: 227/245 MP: 39/39
 62770 | Zot:1    | Found a transporter.
 62771 | Zot:1    | Noticed a Killer Klown
 62781 | Zot:1    | Noticed a Killer Klown
 62782 | Zot:1    | Noticed a dread lich
 62800 | Zot:1    | Noticed Qephaces's ghost (veteran GnGl)
 62961 | Zot:1    | Found a transporter.
 63506 | Zot:2    | Gained Boghold as an ally
 63506 | Zot:2    | Gained Boldo as an ally
 63528 | Zot:2    | Gained Norbak as an ally
 64116 | Zot:3    | Your ally Boghold died
 64116 | Zot:3    | Your ally Boldo died
 64167 | Zot:3    | Noticed an orb of fire
 64395 | Zot:3    | Noticed a Killer Klown
 64646 | Zot:3    | Your ally Norbak died
 64655 | Zot:3    | Gained mutation: You are vulnerable to cold. (rC-) [an orb
                  | of fire]
 64660 | Zot:3    | Gained mutation: You are resistant to electric shocks.
                  | (rElec) [an orb of fire]
 65180 | Zot:2    | Killed a Killer Klown
 65524 | Zot:3    | Gained Korbok as an ally
 65594 | Zot:3    | Your ally Korbok died
 65743 | Zot:2    | Gained mutation: You do not regenerate when monsters are
                  | visible. [an orb of fire]
 65755 | Zot:2    | Gained mutation: You are weak. (Str -2) [an orb of fire]
 65757 | Zot:2    | Killed an orb of fire
 65999 | Zot:2    | Lost mutation: You are resistant to electric shocks.
                  | (rElec) [potion of mutation]
 65999 | Zot:2    | Lost mutation: You have razor-sharp toenails. [potion of
                  | mutation]
 65999 | Zot:2    | Lost mutation: You are vulnerable to cold. (rC-) [potion of
                  | mutation]
 65999 | Zot:2    | Gained mutation: You occasionally lose the ability to read
                  | scrolls when taking damage. [potion of mutation]
 65999 | Zot:2    | Lost mutation: You have sharp toenails. [potion of
                  | mutation]
 65999 | Zot:2    | Gained mutation: You have an increased reservoir of magic.
                  | (+10% MP) [potion of mutation]
 66000 | Zot:2    | Lost mutation: You do not regenerate when monsters are
                  | visible. [potion of mutation]
 66000 | Zot:2    | Lost mutation: You occasionally lose the ability to read
                  | scrolls when taking damage. [potion of mutation]
 66000 | Zot:2    | Gained mutation: You are agile. (Dex +4, Str/Int -1)
                  | [potion of mutation]
 66000 | Zot:2    | Lost mutation: You are weak. (Str -2) [potion of mutation]
 66572 | Zot:5    | Entered Level 5 of the Realm of Zot
 67541 | Zot:4    | Reached skill level 27 in Fighting
 68422 | Zot:4    | Reached XP level 25. HP: 228/257 MP: 44/44
 68842 | Zot:5    | Reached skill level 27 in Invocations
 69719 | Zot:5    | Noticed a Killer Klown
 69736 | Zot:5    | Killed a Killer Klown
 69781 | Zot:5    | Noticed an ancient lich
 69801 | Zot:5    | Killed an ancient lich
 69875 | Zot:5    | Noticed an ancient lich
 69881 | Zot:5    | Noticed a Killer Klown
 69895 | Zot:5    | Killed an ancient lich
 70144 | Zot:5    | Noticed an orb of fire
 70147 | Zot:5    | Gained mutation: You are dopey. (Int -2) [an orb of fire]
 70147 | Zot:5    | Gained mutation: You have large cloven feet. [an orb of
                  | fire]
 70149 | Zot:5    | Killed an orb of fire
 70233 | Zot:5    | Noticed an ancient lich
 70265 | Zot:5    | HP: 9/257 [electric golem (8)]
 70265 | Zot:5    | HP: 4/257 [electric golem (4)]
 70265 | Zot:5    | Slain by an electric golem

Illustrated notes

Levels and vault maps discovered:
D:1:      co_arrival_square_in_a_square_in_a_square, layout_loops_ring
D:2:      layout_loops_ring, basic_altar, nicolae_titane
D:3:      minmay_razor_zed, layout_loops_ring, uniq_jessica, uniq_terence
D:4:      layout_rooms, minmay_temple_entry_drinking_statues,
          kennysheep_generic_room_9
D:5:      layout_loops_corners, overflow_temple_1_default, grunt_ministairs_5,
          dilly_guarded_unrand_devastator, uniq_pikel, uniq_menkaure
D:6:      layout_basic, grunt_temple_overflow_open, ebering_ghost_disaster_area,
          nicolae_letterblocks [nicolae_letter_subblock,
          nicolae_letter_subblock, nicolae_letter_subblock,
          nicolae_letter_subblock, nicolae_letter_subblock,
          nicolae_letter_subblock, nicolae_letter_subblock,
          nicolae_letter_subblock, nicolae_letter_subblock,
          nicolae_letter_subblock, nicolae_letter_subblock,
          nicolae_letter_subblock, nicolae_letter_subblock,
          nicolae_letter_subblock, nicolae_letter_subblock,
          nicolae_letter_subblock, nicolae_letter_subblock,
          nicolae_letter_subblock, nicolae_letter_subblock,
          nicolae_letter_subblock, nicolae_letter_subblock,
          nicolae_letter_subblock, nicolae_letter_subblock,
          nicolae_letter_subblock, nicolae_letter_subblock]
D:7:      wad_river_or_something, layout_basic, minmay_circle_x
D:8:      layout_rooms, grunt_lair_entry_orc_guard_hut, eino_jars
D:9:      layout_loops_corners, erik_orc_4, nicolae_shop_self_help, uniq_erolcha
D:10:     layout_irregular_city, mainiacjoe_overflow_six_doors_small,
          lightli_bailey_entry_fortress, minmay_joined_circles, uniq_harold
D:11:     layout_loops_corners, minmay_starry_boxes
D:12:     layout_stronghold, nicolae_elemental_shop
D:13:     layout_loops_ring, david_vaults_4, drop_trap, uniq_maurice
D:14:     layout_basic, serial_glass, glass_columns_a, glass_columns_a,
          fedhas_altar_2, nzn_hepliaklqana_mist_gate
D:15:     grunt_enter_depths_giant_problem, layout_basic, serial_shops, shop,
          minmay_misc_feat_tower, uniq_jorgrun
Temple:   nicolae_temple_superstar
Lair:1:   layout_chaotic_city, uniq_maggie, uniq_amaemon
Lair:2:   layout_long_grid, elwin_shoals_entry_stream,
          gammafunk_ghost_hydra_chop, portal_ice_cave_rime
Lair:3:   layout_gridlike, dummy_spider_entry, chequers_serial_rivers_micro_c,
          grunt_forest_large_clearings
Lair:4:   layout_loops_ring, slime_entry_1, grunt_megastairs_2
Lair:5:   minmay_lair_end_frog_pond, layout_layer_cave
Shoals:1: layout_shoals, nicolae_shoals_stone_sculpture_thing
Shoals:2: layout_shoals, gammafunk_ghost_tricky_traps, uniq_ilsuiw
Shoals:3: layout_shoals, nicolae_shoals_seven_spires, nicolae_shoals_songs
Shoals:4: shoals_end_grunt_ice, layout_shoals, shoals_ilsuiw_ice,
          lightli_airlock
Spider:1: nicolae_spider_corner, uniq_frances
Spider:2: layout_spider_delve
Spider:3: layout_spider_delve, uniq_bai_suzhen, uniq_roxanne, uniq_arachne
Spider:4: grunt_spider_rune_island
Slime:1:  layout_caves
Slime:2:  layout_caves
Slime:3:  layout_caves
Slime:4:  layout_caves
Slime:5:  slime_pit_nicolae_block_by_block
Orc:1:    giant_chief_lemuel, layout_diamond_mine, basic_altar,
          nicolae_shop_vocational, uniq_erica, uniq_fannar
Orc:2:    grunt_orc_community_town_hall, layout_caves,
          grunt_orc_community_big_house_2, grunt_orc_community_big_house_1,
          grunt_orc_community_house_1, grunt_orc_community_house_3,
          grunt_orc_community_house_2, grunt_orc_community_house_1,
          gauntlet_entry_generic, lightli_orcish_oven
Elf:1:    layout_loops_corners, portal_desolation_entry_ruin,
          minmay_elf_crystal_hexagon, dreamdust_wishing_well,
          hangedman_elven_ridges
Elf:2:    nicolae_elf_blades_crystal_corner, layout_geoelf_grid,
          gammafunk_ghost_grave, serial_shops, nicolae_shop_gibbet_a_chance,
          amcnicky_mini_pool_small, nicolae_shop_i_like_big_books, uniq_aizul
Elf:3:    elf_hall, layout_loops_corners, serial_shops,
          nicolae_shop_statue_plus, mu_enter_wizlab_3,
          nicolae_elf_deep_mausoleum
Depths:1: layout_small_grid, pf_coc_iceberg, gammafunk_ghost_necromancy,
          guppyfry_shop_venom, uniq_mara
Depths:2: cheibrodos_tormentor_scu, layout_basic,
          hangedman_abyss_or_decor_jellyfish_corner, rand_demon_pan_entry_4,
          grunt_hell_entry_dis_old
Depths:3: minmay_the_grid_four_pointed_star_mashed
          [minmay_the_grid_triangle_9x9_wacky_v,
          minmay_the_grid_triangle_9x9_skeleton,
          minmay_the_grid_triangle_9x9_stretched_checkered,
          minmay_the_grid_triangle_9x9_sparse_checkered,
          minmay_the_grid_prize_diamond_cup], layout_basic, enter_ziggurat_f,
          abyss_entry, hell_entry, rand_demon_pan_entry_7,
          infiniplex_staircase_x, firewood_loft
Depths:4: evilmike_zot_entry_gauntlet, layout_basic,
          nicolae_hell_entry_hellmouth_sunbeams, serial_sigils,
          serial_sigils_hangedman_shear, serial_sigils_hangedman_quiver,
          serial_sigils_hangedman_etch, serial_sigils_hangedman_confine,
          makhleb_altar_promises_db, serial_bayou_shore_b
Zot:1:    layout_gridlike, gammafunk_ghost_abyssal_escape, zot_minivault_1,
          grunt_megastairs_1
Zot:2:    layout_onion_interference
Zot:3:    layout_misc_corridors
Zot:4:    hangedman_zot_vaults_quadrants, layout_concentric_octagons
Zot:5:    layout_misc_corridors

Skill      XL: |  1  2  3  4  5  6  7  8  9 10 11 12 13 14 15 16 17 18 19 20 21 22 23 24 25 |
---------------+----------------------------------------------------------------------------+-----
Axes           | 3 4 5 6 8 10 12 14 16 17 | 17.4
Fighting       | 4 5 6 7 9 10 12 13 14 16 17 18 19 20 21 23 25 26 27 | 27.0
Armour         | 4 5 6 8 10 11 12 13 14 15 16 17 18 19 20 21 22 | 22.5
Shields        | 4 5 7 8 10 12 | 12.0
Throwing       | 1 3 4 6 8 9 10 11 12 13 14 16 18 19 | 19.2
Maces & Flails | 3 5 6 |  6.1
Invocations    | 3 6 9 11 12 13 16 18 20 21 22 23 24 25 26 27 | 27.0
Dodging        | 2 4 6 8 |  8.0
Evocations     | 5 7 10 12 13 | 13.3

Action                     |  1- 3 |  4- 6 |  7- 9 | 10-12 | 13-15 | 16-18 | 19-21 | 22-24 | 25-27 || total
---------------------------+-------+-------+-------+-------+-------+-------+-------+-------+-------++-------
  Melee: War axe           |    98 |   200 |    70 |   238 |       |       |       |       |       ||   606
         Shillelagh        |       |       |   116 |    20 |       |       |       |       |       ||   136
         Broad axe         |       |       |       |   222 |   851 |  1213 |  1063 |  1360 |   132 ||  4841
         Unarmed           |       |       |       |       |       |       |       |       |     1 ||     1
  Throw: Stone             |       |    10 |    11 |       |       |       |       |       |       ||    21
         Dart              |       |     1 |     7 |    22 |       |       |       |       |       ||    30
         Boomerang         |       |       |       |    17 |    62 |   228 |   296 |   304 |    37 ||   944
         Javelin           |       |       |       |       |       |       |     2 |     2 |       ||     4
 Invoke: Convert to Beogh  |       |     1 |       |       |       |       |       |       |       ||     1
         Smiting           |       |       |       |     9 |     6 |    13 |    27 |    19 |     4 ||    78
         Recall Orcish Fol |       |       |       |     2 |     1 |     1 |       |       |       ||     4
         Give Item to Name |       |       |       |       |     1 |     1 |     1 |       |       ||     3
  Evoke: Wand              |       |       |     6 |       |       |     2 |     6 |       |       ||    14
         Phantom mirror    |       |       |       |       |     1 |     1 |       |       |       ||     2
         Lightning rod     |       |       |       |       |     2 |     7 |     5 |     2 |       ||    16
         Phial of floods   |       |       |       |       |     1 |     1 |     1 |     1 |       ||     4
         Box of beasts     |       |       |       |       |     1 |       |     1 |     1 |       ||     3
         Tin of tremorston |       |       |       |       |       |       |       |     4 |     2 ||     6
    Use: Scroll            |       |     9 |     2 |    13 |    21 |     8 |     9 |    10 |       ||    72
         Potion            |       |     1 |     1 |    12 |       |     6 |     2 |    15 |     6 ||    43
   Stab: Distracted        |       |       |       |     2 |     4 |     9 |     6 |     2 |       ||    23
         Paralysed         |       |       |       |     1 |     1 |       |       |       |       ||     2
         Confused          |       |       |       |       |     2 |     2 |       |       |       ||     4
 Armour: Scale mail        |    43 |    35 |       |       |       |       |       |       |       ||    78
         Chain mail        |       |    75 |    40 |       |       |       |       |       |       ||   115
         Plate armour      |       |       |    53 |   273 |    56 |       |       |       |       ||   382
         Crystal plate arm |       |       |       |       |   631 |  1013 |   721 |  1427 |   163 ||  3955
         Skin              |       |       |       |       |       |       |       |     1 |    21 ||    22
  Dodge: Dodged            |    47 |    75 |    38 |   198 |   227 |   276 |   191 |   415 |    47 ||  1514
  Block: Buckler           |    13 |    33 |    45 |   183 |   144 |       |       |       |       ||   418
         Kite shield       |       |       |       |       |   323 |  1006 |   631 |  1038 |    79 ||  3077
         Reflection        |       |       |       |       |    12 |    72 |    84 |    15 |     3 ||   186
         Form:             |       |       |       |       |       |     1 |       |       |       ||     1
         Dragon            |       |       |       |       |       |     1 |       |       |       ||     1

Table legend: (Time is in decaauts)
 A = Elapsed time spent in this place.
 B = Non-inter-level travel time spent in this place.
 C = Inter-level travel time spent in this place.
 D = Time resting spent in this place.
 E = Time spent auto-exploring this place.
 F = Levels seen in this place.
 G = Mean time per level.
                   A        B        C        D        E       F      G
               +--------+--------+--------+--------+--------+-----+--------+
         Total |  69406 |  64541 |   4865 |  17417 |  28567 |  54 | 1285.3 |
       Dungeon |  15953 |  14450 |   1503 |   1837 |   9349 |  15 | 1063.5 |
        Temple |    119 |    114 |      5 |      0 |    100 |   1 |  119.0 |
          Lair |   7254 |   6318 |    936 |   1244 |   3174 |   5 | 1450.8 |
        Shoals |   5991 |   5623 |    368 |   1482 |   2570 |   4 | 1497.8 |
   Spider Nest |   7474 |   7103 |    371 |   2391 |   2889 |   4 | 1868.5 |
    Slime Pits |   3460 |   3333 |    127 |   1635 |    374 |   5 |  692.0 |
  Orcish Mines |   2136 |   1816 |    320 |      0 |   1257 |   2 | 1068.0 |
   Elven Halls |   7604 |   7075 |    529 |   2397 |   2455 |   3 | 2534.7 |
        Depths |   5904 |   5644 |    260 |   1475 |   3079 |   4 | 1476.0 |
           Zot |   8851 |   8409 |    442 |   3074 |   2125 |   5 | 1770.2 |
         Abyss |     32 |     32 |      0 |      0 |     19 |   1 |   32.0 |
        Bailey |    909 |    909 |      0 |    376 |     84 |   1 |  909.0 |
      Ice Cave |   1237 |   1237 |      0 |    788 |    166 |   1 | 1237.0 |
        Wizlab |    992 |    992 |      0 |    367 |    361 |   1 |  992.0 |
    Desolation |   1130 |   1130 |      0 |    346 |    350 |   1 | 1130.0 |
      Gauntlet |    353 |    353 |      0 |      0 |    214 |   1 |  353.0 |
               +--------+--------+--------+--------+--------+-----+--------+

Top non-repeatable levels by time:
Spider:3: 3253 daAuts
   Elf:3: 3152 daAuts
   Elf:2: 2997 daAuts
   Zot:4: 2260 daAuts
   Zot:1: 2019 daAuts
Depths:4: 2009 daAuts
   Zot:2: 2000 daAuts
Shoals:4: 1961 daAuts
Depths:2: 1776 daAuts
Spider:4: 1687 daAuts
  Lair:1: 1686 daAuts
     D:8: 1635 daAuts
Shoals:3: 1510 daAuts
  Lair:3: 1498 daAuts
  Lair:2: 1478 daAuts
